[Event "SUNWAY"]
[Date "2016.12.21"]
[Round "7.17"]
[White "Esplugas Esteve, Vicenc"]
[Black "Anurag, Mhamal"]
[Result "0-1"]
[WhiteElo "2280"]
[BlackElo "2423"]
[ECO "D10"]
[WhiteFed "ESP"]
[BlackFed "IND"]
[FCGameId "2045511797"]
[TimeControl "5400+30"]

1. d4 d5 2. c4 c6 3. Nc3 dxc4 4. e4 b5 5. a4 b4 6. Na2 Nf6 7. e5 Nd5 8. Bxc4 e6  9. Nf3 Be7 10. Bd2 a5 11. Nc1 Nd7 12. Nb3 c5 13. Rc1 N5b6 14. Bb5 c4 15. Bxc4  Nxc4 16. Rxc4 Nb6 17. Rc1 Nxa4 18. Nc5 Bxc5 19. Qxa4+ Bd7 20. Qc2 Be7 21. O-O  O-O 22. Qe4 Bb5 23. Rfe1 a4 24. Qg4 Bd3 25. d5 Bf5 26. Qf4 Qxd5 27. Bxb4 Bxb4  28. Qxb4 Rfb8 29. Qc3 Qb7 30. Qa3 h6 31. Nd4 Be4 32. f3 Bd5 33. Re2 Qa7 34. Qc5  Rc8 35. Qxc8+ Rxc8 36. Rxc8+ Kh7 37. Rd2 f6 38. f4 fxe5 39. fxe5 Qa5 40. Rd1 Qb6  41. Rc2 Bb3 42. Rc6 Qb7 43. Rd2 Bd5 44. Rc3 Qb4 45. Ne2 Qe4 46. Ng3 Qxe5 47. Nf1  Bb3 48. Ne3 Qa5 49. Rdd3 e5 50. Rc1 e4 51. Rd7 Be6 52. Rb7 Qd2 53. Rc3 a3 54.  Nf1 Qd4+ 55. Kh1 Qd1 56. Kg1 a2 57. Rcc7 Qd4+ 0-1

[Event "SUNWAY"]
[Date "2016.12.20"]
[Round "6.1"]
[White "Romanov, Evgeny"]
[Black "Granda Zuniga, Julio E"]
[Result "1-0"]
[WhiteElo "2622"]
[BlackElo "2646"]
[ECO "E18"]
[WhiteFed "RUS"]
[BlackFed "PER"]
[FCGameId "-1441201871"]
[TimeControl "5400+30"]

1. d4 Nf6 2. Nf3 e6 3. c4 b6 4. g3 Bb7 5. Bg2 Be7 6. O-O O-O 7. Nc3 Ne4 8. Bd2 Bf6 9. Rc1 c5 10. d5 exd5 11. cxd5 Bxc3 12. Bxc3 d6 13. Be1 Re8 14. Nh4 Ba6 15. f3 Nf6 16. Rf2 Nbd7 17. Bc3 b5 18. b3 b4 19. Ba1 Ne5 20. Qd2 Bc8 21. e4 Qb6 22. h3 a5 23. f4 Ng6 24. e5 Nxh4 25. gxh4 Nh5 26. Bf3 Ng3 27. e6 fxe6 28. dxe6 Bb7 29. f5 Bxf3 30. Qg5 Ra7 31. Qxg3 Be4 32. f6 Rxe6 33. fxg7 Re8 34. Rcf1 c4 35. Kh2 1-0

[Event "SUNWAY"]
[Date "2016.12.20"]
[Round "6.2"]
[White "Shyam, Sundar M."]
[Black "Sasikiran, Krishnan"]
[Result "1/2-1/2"]
[WhiteElo "2532"]
[BlackElo "2661"]
[ECO "C77"]
[WhiteFed "IND"]
[BlackFed "IND"]
[FCGameId "-106513690"]
[TimeControl "5400+30"]

1. e4 e5 2. Nf3 Nc6 3. Bb5 a6 4. Ba4 Nf6 5. Qe2 b5 6. Bb3 Bc5 7. a4 Rb8 8. axb5 axb5 9. d3 d6 10. Be3 Bxe3 11. fxe3 Ne7 12. O-O Ng6 13. Nc3 Be6 14. Bxe6 fxe6 15. b4 O-O 16. Ra6 Qc8 17. Rfa1 c5 18. Rxd6 cxb4 19. Nd1 Qc5 20. Rda6 Rbc8 21. R6a2 Ne7 22. Nf2 1/2-1/2

[Event "SUNWAY"]
[Date "2016.12.20"]
[Round "6.3"]
[White "Narciso Dublan, Marc"]
[Black "Kamsky, Gata"]
[Result "1/2-1/2"]
[WhiteElo "2508"]
[BlackElo "2661"]
[ECO "D15"]
[WhiteFed "ESP"]
[BlackFed "USA"]
[FCGameId "-71670406"]
[TimeControl "5400+30"]

1. d4 d5 2. c4 c6 3. Nf3 Nf6 4. Nc3 Qb6 5. cxd5 cxd5 6. Ne5 e6 7. e3 Nbd7 8. f4  Ne4 9. Bd3 Nxe5 10. fxe5 f5 11. exf6 Nxf6 12. O-O Bd7 13. Bd2 Bd6 14. Be1 O-O  15. Qe2 Be8 1/2-1/2

[Event "SUNWAY"]
[Date "2016.12.20"]
[Round "6.4"]
[White "Ivanisevic, Ivan"]
[Black "Van Foreest, Jorden"]
[Result "1/2-1/2"]
[WhiteElo "2648"]
[BlackElo "2605"]
[ECO "B10"]
[WhiteFed "SRB"]
[BlackFed "NED"]
[FCGameId "1286315060"]
[TimeControl "5400+30"]

1. c4 c6 2. e4 d5 3. e5 d4 4. f4 Na6 5. Nf3 d3 6. a3 Be6 7. b3 Nc5 8. Bb2 Bg4 9. b4 Ne6 10. h3 Bxf3 11. Qxf3 Nh6 12. g4 Qd7 13. f5 Nd4 14. Qxd3 Rd8 15. Qxd4 Qxd4 16. Bxd4 Rxd4 17. Nc3 g6 18. Ne2 Rd3 19. Ng1 Rd8 20. fxg6 hxg6 21. Bg2 Rd4 22. Ne2 Rxc4 23. Ra2 Nxg4 24. hxg4 Rxh1+ 25. Bxh1 Rxg4 26. Bf3 Rh4 27. Kf2 e6 28. Kg3 Be7 29. Rc2 a6 30. d3 g5 31. Bg4 Rh1 32. Rc1 Rxc1 33. Nxc1 c5 34. Na2 cxb4 35. Nxb4 a5 36. Nc2 b5 37. Kf3 b4 38. axb4 axb4 39. Nd4 Bc5 40. Ke4 Ke7 41. Nc6+ Kd7 42. Na5 Bb6 43. Nc4 Bc7 44. Bd1 Ke7 45. Ne3 f5+ 46. exf6+ Kxf6 47. Ng4+ Ke7 48. Bb3 Bb6 49. Ne5 Bc5 50. Nc6+ Kd7 51. Ne5+ Ke7 52. Kf3 Bd6 53. Nc6+ Kf6 54. Kg4 Bc5 55. Nd8 e5 56. Nf7 Be3 57. Kf3 Bf4 58. Nh6 Kg6 59. Ng4 Kf5 60. Ba4 Kg6 61. Bb3 Kh5 62. Be6 Kh4 63. Nh6 Kh5 64. Ng8 Kg6 65. Kg4 Be3 66. Bc4 Bc5 67. Bd5 Bf8 68. Bb3 Bc5 69. Kf3 Bd6 70. Be6 Kg7 71. Bd5 Kg6 72. Bc4 Bf8 73. Be6 Kg7 74. Bd5 Kg6 75. Ke4 g4 76. Be6 g3 77. Kf3 Bd6 78. Bd5 Kg7 79. Kg2 Kg6 80. Kh3 Kg7 81. Ba2 Kg6 82. Bb3 Kg7 83. Bd5 Kg6 84. Bb3 1/2-1/2

[Event "SUNWAY"]
[Date "2016.12.20"]
[Round "6.5"]
[White "Edouard, Romain"]
[Black "Peralta, Fernando"]
[Result "1/2-1/2"]
[WhiteElo "2611"]
[BlackElo "2574"]
[ECO "E21"]
[WhiteFed "FRA"]
[BlackFed "ARG"]
[FCGameId "-1172488379"]
[TimeControl "5400+30"]

1. d4 Nf6 2. c4 e6 3. Nc3 Bb4 4. Nf3 d5 5. cxd5 exd5 6. Bg5 h6 7. Bh4 O-O 8. Qc2 c5 9. e3 cxd4 10. Nxd4 Nc6 11. Be2 Nxd4 12. exd4 g5 13. Bg3 Ne4 14. O-O Bxc3 15. bxc3 Bf5 16. Qb2 Qb6 17. Qxb6 axb6 18. Rfc1 Rfc8 19. c4 dxc4 20. Rxc4 Rxc4 21. Bxc4 Nxg3 22. hxg3 Ra4 23. Rc1 b5 24. Bxb5 Rxd4 25. Rc7 Be6 1/2-1/2

[Event "SUNWAY"]
[Date "2016.12.20"]
[Round "6.6"]
[White "Aroshidze, Levan"]
[Black "Vocaturo, Daniele"]
[Result "0-1"]
[WhiteElo "2517"]
[BlackElo "2606"]
[ECO "C19"]
[WhiteFed "ESP"]
[BlackFed "ITA"]
[FCGameId "-1907195764"]
[TimeControl "5400+30"]

1. e4 e6 2. d4 d5 3. Nc3 Bb4 4. e5 c5 5. a3 Bxc3+ 6. bxc3 Ne7 7. Nf3 h6 8. a4 O-O 9. Bd3 b6 10. Ba3 Qc7 11. O-O Ba6 12. Bxa6 Nxa6 13. Qe2 Nb8 14. c4 dxc4 15. dxc5 bxc5 16. Qxc4 Nd7 17. Rfe1 Rac8 18. Rab1 Rfd8 19. Rb3 Ng6 20. Rbe3 Nb6 21. Qg4 Nd5 22. Re4 Qa5 23. h4 Nge7 24. Bc1 Nf5 25. h5 Nb4 26. Rc4 Nc6 27. c3 Rd3 28. Bd2 Qd8 29. Re2 Na5 30. Rce4 Nb3 31. Be1 Rd1 32. Qf4 Qd3 33. g4 Ne7 34. R4e3 Qb1 35. Qc4 Nd5 36. Re4 Nc1 37. Rd2 Nb6 38. Qa6 Qxe4 39. Rxd1 Qxg4+ 40. Kf1 Qxf3 41. Rxc1 Qh1+ 42. Ke2 Qxh5+ 43. Kf1 Qh1+ 44. Ke2 Qe4+ 45. Kf1 Rd8 0-1

[Event "SUNWAY"]
[Date "2016.12.20"]
[Round "6.7"]
[White "Zubov, Alexander"]
[Black "Gu, Xiaobing"]
[Result "1-0"]
[WhiteElo "2606"]
[BlackElo "2324"]
[ECO "A45"]
[WhiteFed "UKR"]
[BlackFed "CHN"]
[FCGameId "2039775958"]
[TimeControl "5400+30"]

1. d4 Nf6 2. g3 g6 3. Bg2 Bg7 4. e4 d6 5. Ne2 c6 6. a4 Nbd7 7. a5 O-O 8. O-O e5  9. Nbc3 Re8 10. h3 exd4 11. Nxd4 Qc7 12. Re1 Nc5 13. Bf4 Nh5 14. Ndb5 Qd7 15.  Bxd6 Ne6 16. Na3 Bd4 17. Nc4 Rd8 18. Qd3 f6 19. Red1 Qf7 20. Ne2 Bc5 21. Qc3  Bxd6 22. Rxd6 Re8 23. Rd2 Qe7 24. Nd6 Rd8 25. Rad1 Nhg7 26. f4 Ne8 27. e5 fxe5  28. fxe5 N8c7 29. Kh2 Rf8 30. Qb3 Qg5 31. a6 b6 32. Nxc8 Raxc8 33. Nd4 Rce8 34.  h4 Qxe5 35. Re2 Qf6 36. Nxe6 Kh8 37. Rde1 Nxe6 38. Rxe6 Rxe6 39. Rxe6 1-0

[Event "SUNWAY"]
[Date "2016.12.20"]
[Round "6.8"]
[White "Vorobiov, Evgeny E."]
[Black "Esplugas Esteve, Vicenc"]
[Result "1-0"]
[WhiteElo "2583"]
[BlackElo "2280"]
[ECO "E63"]
[WhiteFed "RUS"]
[BlackFed "ESP"]
[FCGameId "-750228768"]
[TimeControl "5400+30"]

1. d4 Nf6 2. c4 g6 3. Nc3 Bg7 4. Nf3 O-O 5. g3 d6 6. Bg2 Nc6 7. O-O a6 8. Bf4 Rb8 9. Rc1 h6 10. h3 g5 11. Bd2 g4 12. hxg4 Nxg4 13.  Nd5 e5 14. dxe5 dxe5 15. Bc3 f5 16. Rc2 h5 17. Rd2 Bh6 18. e3 e4 19. Nh2 Qg5 20. Nxg4 hxg4 21. b4 Bg7 22. Qa1 Be6 23. b5 Nd8 24. Rfd1 c6 25. Nf4 Bxc4 26. bxa6 bxa6 27. Bf1 Bf7 28. Rd7 Rb7 29. R7d6 Rc7 30. Bxg7 1-0

[Event "SUNWAY"]
[Date "2016.12.20"]
[Round "6.9"]
[White "Beerdsen, Thomas"]
[Black "Postny, Evgeny"]
[Result "1/2-1/2"]
[WhiteElo "2407"]
[BlackElo "2620"]
[ECO "B11"]
[WhiteFed "NED"]
[BlackFed "ISR"]
[FCGameId "982716582"]
[TimeControl "5400+30"]

1. e4 c6 2. Nf3 d5 3. Nc3 Bg4 4. d4 e6 5. Bd3 Nf6 6. e5 Nfd7 7. h3 Bxf3 8. Qxf3  c5 9. dxc5 Nc6 10. Qg3 Ncxe5 11. O-O g6 12. Re1 Nxd3 13. cxd3 Bxc5 14. Bg5 Be7  15. Bxe7 Kxe7 16. Nxd5+ Kf8 17. Nf4 Qb6 18. d4 Re8 19. Rac1 Kg8 20. Qc3 Rd8 21.  Qc4 Kg7 22. Rxe6 fxe6 23. Nxe6+ Kf6 24. d5 g5 25. Qg4 Qxb2 26. Qxg5+ Kf7 27. Rc4  Rdg8 28. Qf4+ Qf6 29. Qc7 Qe7 30. Qf4+ Qf6 31. Qc7 Qe7 32. Qf4+ 1/2-1/2

[Event "SUNWAY"]
[Date "2016.12.20"]
[Round "6.10"]
[White "Collas, Didier"]
[Black "Lopez Martinez, Josep Manuel"]
[Result "0-1"]
[WhiteElo "2399"]
[BlackElo "2552"]
[ECO "B46"]
[WhiteFed "FRA"]
[BlackFed "ESP"]
[FCGameId "-789894553"]
[TimeControl "5400+30"]

1. e4 c5 2. Nf3 e6 3. d4 cxd4 4. Nxd4 Nc6 5. Nc3 a6 6. Nxc6 bxc6 7. Bd3 d5 8. O-O Nf6 9. Re1 Be7 10. e5 Nd7 11. Qg4 Kf8 12. Bd2 h5 13. Qg3 Nc5 14. Bf1 a5 15. Be3 Rb8 16. b3 Rb4 17. a3 Rg4 18. Qf3 Nd7 19. Bc1 Bc5 20. Na4 Bd4 21. Bb2 Ba7 22. Bc1 Qc7 23. Bb2 Rg5 24. Bd3 h4 25. Re2 Nxe5 26. Qf4 f6 27. Qxg5 fxg5 28. Bxe5 Qe7 29. h3 g4 30. hxg4 Qg5 31. Kh2 Qxg4 32. f3 Qg5 33. Rae1 Rh5 34. b4 axb4 35. axb4 Qe7 36. Nc5 Rxe5 37. Rxe5 Bb8 38. f4 Bxe5 39. Rxe5 Qf6 40. g3 Qh6 41. Kh3 Kf7 42. Be2 hxg3+ 43. Kxg3 Qg6+ 44. Bg4 Qxc2 45. Nxe6 Qc3+ 46. Kh4 Bxe6 47. Rxe6 Qxb4 48. f5 c5 49. Kg3 Qc3+ 50. Kh4 Qd4 51. Kh3 Qd3+ 52. Kh4 Qc4 53. Kg3 Qb3+ 54. Kh4 Qa4 55. Kg5 c4 56. Bf3 Qd7 57. Bh5+ Kf8 58. Kf4 c3 59. Ke3 Qc8 0-1

[Event "SUNWAY"]
[Date "2016.12.20"]
[Round "6.11"]
[White "Sunilduth Lyna, Narayanan"]
[Black "Roeder, Matthias"]
[Result "1-0"]
[WhiteElo "2541"]
[BlackElo "2386"]
[ECO "A56"]
[WhiteFed "IND"]
[BlackFed "GER"]
[FCGameId "1964125141"]
[TimeControl "5400+30"]

1. d4 Nf6 2. c4 c5 3. d5 e5 4. Nc3 d6 5. e4 Be7 6. g3 O-O 7. Bg2 Na6 8. Nge2 Nc7 9. a4 b6 10. O-O a6 11. Qd3 Rb8 12. f4 Nfe8 13. Be3 Bd7 14. b3 Rb7 15. Kh1 b5 16. fxe5 dxe5 17. a5 Bd6 18. Nc1 Qe7 19. Qc2 b4 20. Na4 Bxa4 21. Rxa4 Nf6 22. Nd3 Rfb8 23. Qd1 Nd7 24. Ra2 Ne8 25. Bh3 Nf8 26. Bg4 f6 27. h4 Kh8 28. Qf3 Rc7 29. h5 Rbb7 30. Raf2 Kg8 31. h6 g6 32. Bg5 fxg5 33. Nxe5 Qxe5 34. Qxf8+ 1-0

[Event "SUNWAY"]
[Date "2016.12.20"]
[Round "6.12"]
[White "Gual Pascual, Antonio"]
[Black "Burmakin, Vladimir"]
[Result "0-1"]
[WhiteElo "2388"]
[BlackElo "2535"]
[ECO "A06"]
[WhiteFed "ESP"]
[BlackFed "RUS"]
[FCGameId "459757340"]
[TimeControl "5400+30"]

1. Nf3 d5 2. g3 c6 3. c4 Nf6 4. Bg2 Bf5 5. O-O e6 6. Qb3 Qb6 7. d3 Nbd7 8. Be3 Bc5 9. Bxc5 Nxc5 10. Qc2 O-O 11. Nbd2 h6 12. Rab1 a5 13. h3 Bh7 14. a3 Na6 15. Qc3 c5 16. cxd5 exd5 17. Rbc1 Rfe8 18. e3 Qd8 19. d4 c4 20. Ne5 b5 21. Nc6 Qb6 22. Nxa5 Ne4 23. Nxe4 Bxe4 24. f3 Bd3 25. Rfe1 b4 0-1

[Event "SUNWAY"]
[Date "2016.12.20"]
[Round "6.13"]
[White "Garriga Cazorla, Pere"]
[Black "Petrov, Nikita"]
[Result "0-1"]
[WhiteElo "2386"]
[BlackElo "2512"]
[ECO "E50"]
[WhiteFed "ESP"]
[BlackFed "RUS"]
[FCGameId "-1459577454"]
[TimeControl "5400+30"]

1. d4 Nf6 2. c4 e6 3. Nc3 Bb4 4. Nf3 O-O 5. e3 c5 6. Bd3 b6 7. O-O Bb7 8. Na4 cxd4 9. exd4 Re8 10. a3 Bf8 11. Bg5 h6 12. Bh4 Bxf3 13. Qxf3 Nc6 14. Qe3 Be7 15. Bg3 Nh5 16. Rfd1 Nxg3 17. hxg3 Bg5 18. Qe4 f5 19.  Qe1 Nxd4 20. Be4 fxe4 21.  Rxd4 e3 22. fxe3 Bf6 23. Rd3  Be5 24. Rad1 Qg5 25. e4 Rf8 26. Qe3 Qg4 27. c5 b5 28. Nc3 h5 29. b4 a5 30. bxa5 Rxa5 31. Ne2 Ra4 32. Nd4 h4 33. gxh4 Rxd4 34. Rxd4 Qxh4 35. g3 Bxg3 36. R4d2 Qg4 37. Kh1 Qh3+ 0-1

[Event "SUNWAY"]
[Date "2016.12.20"]
[Round "6.14"]
[White "Liang, Awonder"]
[Black "Lorenzo De La Riva, Lazaro"]
[Result "1-0"]
[WhiteElo "2495"]
[BlackElo "2373"]
[ECO "B92"]
[WhiteFed "USA"]
[BlackFed "ESP"]
[FCGameId "-787339744"]
[TimeControl "5400+30"]

1. e4 c5 2. Nf3 d6 3. d4 cxd4 4. Nxd4 Nf6 5. Nc3 a6 6. Be2 e5 7. Nb3 Be7 8. Be3 Be6 9. Nd5 Nbd7 10. Qd3 O-O 11. O-O Bxd5 12. exd5 Nb6 13. c4 a5 14. f4 Nfd7 15. a4 Bf6 16. f5  e4 17. Qd2 Ne5 18. Nxa5 Qc7 19. c5 dxc5 20. Rfc1 Rfd8 21. Rxc5 Qd7 22. d6 Rxa5 23. Qxa5 Qxd6 24. Rxe5 Bxe5 25. Qxb6 1-0

[Event "SUNWAY"]
[Date "2016.12.20"]
[Round "6.15"]
[White "Golubov, Saveliy"]
[Black "Alonso Bouza, Julio Javier"]
[Result "1/2-1/2"]
[WhiteElo "2490"]
[BlackElo "2365"]
[ECO "A48"]
[WhiteFed "RUS"]
[BlackFed "CUB"]
[FCGameId "1171344773"]
[TimeControl "5400+30"]

1. d4 Nf6 2. Nf3 g6 3. Bg5 Bg7 4. Nbd2 d6 5. e4 Nbd7 6. Bc4 e5 7. c3 a6 8. O-O  O-O 9. a4 b6 10. dxe5 dxe5 11. Bd5 Rb8 12. Bc6 Qe7 13. Bxd7 Bxd7 14. Nc4 Bg4 15.  Ncxe5 Bxf3 16. Nxf3 Qxe4 17. Re1 Qb7 18. Qd4 Nh5 19. Qe3 Qc6 20. Nd4 Qd7 21. Qf3  Bxd4 22. cxd4 f6 23. Bh6 Rf7 24. d5 Ng7 25. Bd2 Rd8 26. Bc3 h5 27. a5 b5 28.  Rad1 Kh7 29. Bb4 Qg4 30. Qxg4 hxg4 31. Re7 Kg8 32. Rxf7 Kxf7 33. Rc1 Ne8 34. Rc6  Rxd5 35. Kf1 Rd1+ 36. Ke2 Rd4 37. Bc5 Re4+ 38. Be3 Re6 39. Rc1 c6 40. Kd3 Nc7  41. Kd4 Nd5 42. Kd3 f5 43. Bd2 Ke7 44. f3 gxf3 45. gxf3 Kd6 46. b4 Ke7 47. h4  Rd6 48. Kc2 Re6 49. Kd3 Rd6 50. Kc2 Re6 1/2-1/2

[Event "SUNWAY"]
[Date "2016.12.20"]
[Round "6.16"]
[White "Villegas, Pierre"]
[Black "Santos Ruiz, Miguel"]
[Result "0-1"]
[WhiteElo "2374"]
[BlackElo "2484"]
[ECO "E54"]
[WhiteFed "MNC"]
[BlackFed "ESP"]
[FCGameId "-623495179"]
[TimeControl "5400+30"]

1. d4 Nf6 2. c4 e6 3. Nc3 Bb4 4. e3 O-O 5. Bd3 d5 6. Nf3 dxc4 7. Bxc4 c5 8. O-O Nc6 9. a3 Ba5 10. Qd3 a6 11. Rd1 b5 12. Ba2 c4 13. Qe2 Qe8 14. Bb1 e5 15. d5 Bxc3 16. bxc3 e4 17. dxc6 exf3 18. gxf3 Qxc6 19. e4 Nh5 20. f4 Qg6+ 21. Kh1 f5 22. Rg1 Qh6 23. Rg5 Nf6 24. e5 Bb7+ 25. f3 Ng4 26. Kg1 Bxf3 27. Qxf3 Qxh2+ 28. Kf1 Rad8 29. Ra2 Rd1+ 30. Qxd1 Qh1+ 31. Ke2 Qg2+ 0-1

[Event "SUNWAY"]
[Date "2016.12.20"]
[Round "6.17"]
[White "Garcia Ramos, Daniel"]
[Black "Romanishin, Oleg M"]
[Result "1/2-1/2"]
[WhiteElo "2268"]
[BlackElo "2463"]
[ECO "C55"]
[WhiteFed "ESP"]
[BlackFed "UKR"]
[FCGameId "229748255"]
[TimeControl "5400+30"]

1. e4 e5 2. Nf3 Nc6 3. Bc4 Nf6 4. d3 Be7 5. O-O O-O 6. h3 d6 7. a3 Na5 8. Ba2  Be6 9. c4 c5 10. Nc3 Nc6 11. Nd5 Nd7 12. g4 Re8 13. Kh2 Nf8 14. Ng1 Nd4 15. Ne2  Bxd5 16. exd5 Nxe2 17. Qxe2 Ng6 18. b4 b6 19. Bb3 Bg5 20. Be3 Bf4+ 21. Kh1 Rf8  22. Bc2 Qg5 23. Rg1 Rae8 24. Qf3 h6 25. Qe4 Qh4 26. Qg2 Rc8 27. b5 Rce8 28. a4  Re7 29. a5 Qg5 30. Qe4 Qh4 31. Qg2 Qg5 32. Qe4 Qh4 33. Qg2 1/2-1/2

[Event "SUNWAY"]
[Date "2016.12.19"]
[Round "5.1"]
[White "Granda Zuniga, Julio E"]
[Black "Ivanisevic, Ivan"]
[Result "1/2-1/2"]
[WhiteElo "2646"]
[BlackElo "2648"]
[ECO "D94"]
[WhiteFed "PER"]
[BlackFed "SRB"]
[FCGameId "552377716"]
[TimeControl "5400+30"]

1. Nf3 d5 2. d4 Nf6 3. e3 g6 4. c4 Bg7 5. Nc3 O-O 6. Bd2 e6 7. Rc1 b6 8. Be2 Bb7 9. O-O Nbd7 10. b4 dxc4 11. Bxc4 c5 12. dxc5 bxc5 13. Na4 cxb4 14. Bxb4 Re8 15. Nc5 Nxc5 16. Bxc5 Ne4 17. Qxd8 Rexd8 18. Bd4 Bxd4 19. Nxd4 Nd2 20. Rfe1 e5 21. Nb3 Nxc4 1/2-1/2

[Event "SUNWAY"]
[Date "2016.12.19"]
[Round "5.2"]
[White "Sasikiran, Krishnan"]
[Black "Esplugas Esteve, Vicenc"]
[Result "1/2-1/2"]
[WhiteElo "2661"]
[BlackElo "2280"]
[ECO "E06"]
[WhiteFed "IND"]
[BlackFed "ESP"]
[FCGameId "1129759172"]
[TimeControl "5400+30"]

1. d4 e6 2. Nf3 Nf6 3. c4 d5 4. g3 Be7 5. Bg2 O-O 6. O-O dxc4 7. Qc2 a6 8. Qxc4 b5 9. Qc2 Bb7 10. Bd2 Be4 11. Qc1 Qc8 12. Bg5 Nbd7 13. Nbd2 Bb7 14. Nb3 h6 15. Bxf6 Bxf6 16. Qc2 Ra7 17. Rfc1 Qa8 18. Ne1 Bxg2 19. Nxg2 a5 20. Ne1 e5 21. Qf5 a4 22. Nd2 Rd8 23. Nd3 g6 24. Qf3 1/2-1/2

[Event "SUNWAY"]
[Date "2016.12.19"]
[Round "5.3"]
[White "Lopez Martinez, Josep Manuel"]
[Black "Romanov, Evgeny"]
[Result "0-1"]
[WhiteElo "2552"]
[BlackElo "2622"]
[ECO "C84"]
[WhiteFed "ESP"]
[BlackFed "RUS"]
[FCGameId "68012248"]
[TimeControl "5400+30"]

1. e4 e5 2. Nf3 Nc6 3. Bb5 a6 4. Ba4 Nf6 5. O-O Be7 6. d3 d6 7. c3 O-O 8. Re1  Re8 9. Nbd2 b5 10. Bb3 Na5 11. Bc2 c5 12. Nf1 Nc6 13. Bg5 Nd7 14. Bxe7 Qxe7 15.  Ne3 Nb6 16. d4 h6 17. dxc5 dxc5 18. a4 Be6 19. Nf5 Qf8 20. Qe2 Nc4 21. Nd2 g6  22. Nxc4 Bxc4 23. Qg4 h5 24. Qg3 Red8 25. Ne3 Kg7 26. Bd1 Kh7 27. Nxc4 bxc4 28.  Be2 Na5 29. Qxe5 Rab8 30. Qc7 Nb3 31. Rad1 Nd2 32. Qf4 Rxb2 33. e5 Kg8 34. Qg5  Rd5 35. Bxc4 Ne4 36. Qf4 Rxd1 37. Rxd1 Nxc3 38. Re1 Rb4 39. e6 Ne2+ 0-1

[Event "SUNWAY"]
[Date "2016.12.19"]
[Round "5.4"]
[White "Postny, Evgeny"]
[Black "Shyam, Sundar M."]
[Result "0-1"]
[WhiteElo "2620"]
[BlackElo "2532"]
[ECO "E04"]
[WhiteFed "ISR"]
[BlackFed "IND"]
[FCGameId "-1637372837"]
[TimeControl "5400+30"]

1. d4 Nf6 2. c4 e6 3. Nf3 d5 4. g3 dxc4 5. Bg2 Bb4+ 6. Bd2 a5 7. Qc2 Bxd2+ 8. Qxd2 c6 9. a4 Ne4 10. Qf4 Qb6 11. O-O Qxb2 12. Ne5 O-O 13. Na3 Nc3 14. Qe3 Nxe2+ 15. Kh1 Nc3 16. Rfc1 Nd5 17. Bxd5 exd5 18. Rab1 Qb4 19. Rxb4 axb4 20. Naxc4 dxc4 21. Nxc4 Be6 22. Nb6 Ra5 23. d5 cxd5 24. Rc7 d4 25. Qxd4 Nc6 26. Rxc6 bxc6 27. Qxb4 Re5 28. h4 h5 29. Qd4 Re1+ 30. Kg2 Bf5 31. Nd7 Rfe8 32. Nc5 Bg4 33. a5 Rd1 34. Qb2 Ree1 35. f3 Rg1+ 36. Kf2 Rgf1+ 37. Ke2 Rfe1+ 38. Kf2 Rf1+ 39. Ke2 Rb1 40. Qc2 Rbe1+ 41. Kd3 Bf5+ 42. Kd4 0-1

[Event "SUNWAY"]
[Date "2016.12.19"]
[Round "5.5"]
[White "Gu, Xiaobing"]
[Black "Van Foreest, Jorden"]
[Result "1/2-1/2"]
[WhiteElo "2324"]
[BlackElo "2605"]
[ECO "B07"]
[WhiteFed "CHN"]
[BlackFed "NED"]
[FCGameId "-138818479"]
[TimeControl "5400+30"]

1. e4 d6 2. d4 Nf6 3. Nc3 e5 4. dxe5 dxe5 5. Qxd8+ Kxd8 6. Bc4 Ke8 7. Nd5 Nxd5 8. Bxd5 Bd6 9. Be3 Nd7 10. f3 Ke7 11. O-O-O Bc5 12. Bxc5+ Nxc5 13. a3 c6 14. Ba2 a5 15. Ne2 h5 16. Rd2 h4 17. Rhd1 a4 18. Kb1 g5 19. h3 Be6 20. Bxe6 Kxe6 21. Nc1 Kf6 22. Nd3 Nxd3 23. Rxd3 Rhe8 1/2-1/2

[Event "SUNWAY"]
[Date "2016.12.19"]
[Round "5.6"]
[White "Kamsky, Gata"]
[Black "Garriga Cazorla, Pere"]
[Result "1-0"]
[WhiteElo "2661"]
[BlackElo "2386"]
[ECO "A45"]
[WhiteFed "USA"]
[BlackFed "ESP"]
[FCGameId "-243494463"]
[TimeControl "5400+30"]

1. d4 Nf6 2. Bf4 e6 3. e3 c5 4. Nd2 Be7 5. c3 Nc6 6. Ngf3 d5 7. Ne5 Bd6 8. Qa4 Qc7 9. Nxc6 bxc6 10. Bxd6 Qxd6 11. Qa3 O-O 12. Nb3 a5 13. Nxc5 e5 14. Be2 Bf5 15. O-O Rfe8 16. Qa4 h5 17. Rad1 Bg4 18. Qc2 Rab8 19. h3 Bc8 20. f4 exd4 21. exd4 Bf5 22. Qd2 h4 23. Bf3 Be4 24. Rde1 Bxf3 25. Rxe8+ Rxe8 26. Rxf3 Ne4 27. Qe1 Qf6 28. Nd3 Re6 29. Re3 Qh6 30. f5 Rf6 31. Nf2 Nxf2 32. Re8+ Kh7 33. Qxf2 Qc1+ 34. Kh2 Qg5 35. Re5 Kh6 36. a4 g6 37. b4 axb4 38. cxb4 Kg7 39. a5 Rxf5 40. Rxf5 gxf5 41. a6 Qd8 42. Qxf5 Qa8 43. Qg5+ Kf8 44. b5 Qb8+ 45. Qe5 1-0

[Event "SUNWAY"]
[Date "2016.12.19"]
[Round "5.7"]
[White "Lauber, Arnd"]
[Black "Edouard, Romain"]
[Result "0-1"]
[WhiteElo "2421"]
[BlackElo "2611"]
[ECO "E47"]
[WhiteFed "GER"]
[BlackFed "FRA"]
[FCGameId "-1339144386"]
[TimeControl "5400+30"]

1. d4 Nf6 2. c4 e6 3. Nc3 Bb4 4. e3 O-O 5. Bd3 c5 6. Nf3 b6 7. O-O Bb7 8. Na4 d6  9. a3 Ba5 10. Rb1 Na6 11. b3 Ne4 12. Bb2 f5 13. d5 Qe8 14. Ba1 exd5 15. cxd5 b5  16. Qe2 Nc7 17. b4 bxa4 18. bxa5 Bxd5 19. Bc4 Qf7 20. Bxd5 Nxd5 21. Qc2 Rae8 22.  Nd2 Ndf6 23. a6 Qd5 24. Nc4 Qe6 25. f3 Ng5 26. Rfd1 d5 27. Ne5 Rc8 28. Qxa4 Nf7  29. Nxf7 Rxf7 30. Kh1 Nd7 31. Rb7 Nb6 32. Qf4 Re8 33. Rb1 Qxe3 34. Qxe3 Rxe3 35.  Rb8+ Rf8 36. Rb7 Rfe8 37. Rxg7+ Kf8 38. Rf1 Re1 39. Kg1 Rxa1 40. Rxa7 Rxf1+ 41.  Kxf1 Re7 42. Rb7 Rxb7 43. axb7 Nd7 44. g4 fxg4 45. fxg4 Ke7 46. a4 Kd6 0-1

[Event "SUNWAY"]
[Date "2016.12.19"]
[Round "5.8"]
[White "Vocaturo, Daniele"]
[Black "Satyapragyan, Swayangsu"]
[Result "1-0"]
[WhiteElo "2606"]
[BlackElo "2462"]
[ECO "C55"]
[WhiteFed "ITA"]
[BlackFed "IND"]
[FCGameId "-1568861231"]
[TimeControl "5400+30"]

1. e4 e5 2. Nf3 Nc6 3. Bc4 Nf6 4. d3 Be7 5. O-O O-O 6. Re1 d6 7. a4 Na5 8. Ba2 c5 9. Na3 Nc6 10. Bd2 h6 11. c3 a6 12. h3 Rb8 13. Nc4 Be6 14. b4 cxb4 15. cxb4 b5 16. axb5 axb5 17. Na5 Bd7 18. Bb3 Rc8 19. Qb1 Qb6 20. Qb2 Qb8 21. Nxc6 Bxc6 22. Nh4 d5 23. Nf5 Rfe8 24. exd5 Nxd5 25. Qxe5 Bf8 26. Qd4 Rxe1+ 27. Rxe1 Rd8 28. Qg4 Kh8 29. Nxh6 gxh6 30. Bxd5 Rxd5 31. Bc3+ Kh7 32. Re7 Rg5 33. Rxf7+ Kg8 34. Qe6 Qh2+ 35. Kf1 1-0

[Event "SUNWAY"]
[Date "2016.12.19"]
[Round "5.9"]
[White "Iniyan, P"]
[Black "Zubov, Alexander"]
[Result "0-1"]
[WhiteElo "2363"]
[BlackElo "2606"]
[ECO "E36"]
[WhiteFed "IND"]
[BlackFed "UKR"]
[FCGameId "-1668729528"]
[TimeControl "5400+30"]

1. d4 Nf6 2. c4 e6 3. Nc3 Bb4 4. Qc2 d5 5. a3 Bxc3+ 6. Qxc3 c5 7. dxc5 d4 8. Qc2  e5 9. e4 a5 10. f4 Nc6 11. Nf3 Nd7 12. fxe5 O-O 13. Bg5 Qc7 14. O-O-O Nxc5 15.  Bh4 Bg4 16. Bg3 Qb6 17. h3 Bh5 18. Bf2 Rad8 19. g4 Bg6 20. Bd3 f6 21. Bg3 fxe5  22. Rhf1 Rde8 23. Nh4 Rxf1 24. Rxf1 a4 25. Nxg6 hxg6 26. Kb1 Qb3 27. Qxb3 axb3  28. Rf3 Rf8 29. Be2 d3 30. Bd1 Rxf3 31. Bxf3 d2 32. Bf2 Nxe4 33. Be3 Nd4 34. Bd1  Kf7 35. c5 Ke7 36. h4 Kd7 37. a4 Kc6 38. g5 Nf5 39. Bg1 Nxc5 40. a5 e4 41. h5  gxh5 42. Bxh5 e3 43. Bd1 g6 0-1

[Event "SUNWAY"]
[Date "2016.12.19"]
[Round "5.10"]
[White "Minko, Vladimir"]
[Black "Vorobiov, Evgeny E."]
[Result "1/2-1/2"]
[WhiteElo "2429"]
[BlackElo "2583"]
[ECO "D71"]
[WhiteFed "RUS"]
[BlackFed "RUS"]
[FCGameId "455729359"]
[TimeControl "5400+30"]

1. d4 Nf6 2. c4 g6 3. g3 c5 4. Nf3 Bg7 5. Bg2 cxd4 6. Nxd4 Nc6 7. O-O O-O 8. Nc3 Nxd4 9. Qxd4 d6 10. Rd1 Be6 11. Qd3 Rc8 12. b3 Bf5 13. Qd2 Ne4 14. Bxe4 Bxe4 15. Bb2 Bc6 16. Nd5 Bxb2 1/2-1/2